[gd_scene load_steps=13 format=3 uid="uid://bd4mugnv0p8oq"]

[ext_resource type="PackedScene" uid="uid://dtwkxm4phr42d" path="res://grid_square/input.tscn" id="2_gtk6u"]
[ext_resource type="Script" path="res://camera.gd" id="2_xrarm"]
[ext_resource type="PackedScene" uid="uid://cuflu0ijmb4ua" path="res://grid/grid.tscn" id="2_yqfac"]
[ext_resource type="Script" path="res://select_output_label.gd" id="3_chp58"]
[ext_resource type="PackedScene" uid="uid://bqsat2teyywpu" path="res://Item/item.tscn" id="3_rq18a"]
[ext_resource type="PackedScene" uid="uid://bupbg630kvyhb" path="res://grid_square/output.tscn" id="7_3jvdv"]
[ext_resource type="Texture2D" uid="uid://qibleg8g7156" path="res://images/background_text.png" id="7_c4bls"]
[ext_resource type="Script" path="res://PlayPauseButton.gd" id="8_jae2c"]
[ext_resource type="Texture2D" uid="uid://1tg13l77nt5v" path="res://images/mandag/btn_play.png" id="8_ru8lx"]
[ext_resource type="AudioStream" uid="uid://c7jwmtfc4db22" path="res://music/background.wav" id="9_qj0fo"]
[ext_resource type="Theme" uid="uid://bsomf7de7imfh" path="res://level_selector/default_theme.tres" id="11_hedmj"]
[ext_resource type="Script" path="res://reset_to_menu.gd" id="11_odwmi"]

[sub_resource type="RectangleShape2D" id="RectangleShape2D_mk4df"]
size = Vector2(48, 48)

[node name="Root" type="Node2D"]

[node name="Input" parent="." instance=ExtResource("2_gtk6u")]
position = Vector2(-50, -150)
item = ExtResource("3_rq18a")

[node name="Output" parent="." instance=ExtResource("7_3jvdv")]
position = Vector2(-50, 150)
target_count = 1
target_dish_name = "kig_of_rice"

[node name="Grid" parent="." instance=ExtResource("2_yqfac")]

[node name="Camera2D" type="Camera2D" parent="."]
script = ExtResource("2_xrarm")

[node name="ClickBlocker" type="ColorRect" parent="."]
visible = false
offset_left = -65719.0
offset_top = -36056.0
offset_right = 65832.0
offset_bottom = 34489.0
color = Color(0, 0, 0, 0.372549)

[node name="CanvasLayer" type="CanvasLayer" parent="ClickBlocker"]

[node name="Label" type="Label" parent="ClickBlocker/CanvasLayer"]
visible = false
offset_right = 40.0
offset_bottom = 23.0
theme_override_font_sizes/font_size = 32
text = "SELECT OUTPUT SQUARE"
horizontal_alignment = 1
vertical_alignment = 1
script = ExtResource("3_chp58")

[node name="CanvasLayer" type="CanvasLayer" parent="."]

[node name="Sprite2D" type="Sprite2D" parent="CanvasLayer"]
z_index = -1000
position = Vector2(272, 399)
scale = Vector2(0.4, 0.4)
texture = ExtResource("7_c4bls")

[node name="PlayPauseButton" type="Area2D" parent="CanvasLayer"]
position = Vector2(64, 64)
script = ExtResource("8_jae2c")

[node name="Sprite2D" type="Sprite2D" parent="CanvasLayer/PlayPauseButton"]
scale = Vector2(0.1, 0.1)
texture = ExtResource("8_ru8lx")

[node name="CollisionShape2D" type="CollisionShape2D" parent="CanvasLayer/PlayPauseButton"]
shape = SubResource("RectangleShape2D_mk4df")

[node name="AudioStreamPlayer2D" type="AudioStreamPlayer2D" parent="."]
stream = ExtResource("9_qj0fo")
autoplay = true

[node name="Control" type="Control" parent="."]
visible = false
layout_mode = 3
anchors_preset = 0
offset_right = 40.0
offset_bottom = 40.0

[node name="Button" type="Button" parent="Control"]
z_index = 50
layout_mode = 0
offset_left = -151.0
offset_top = -63.0
offset_right = 56.0
offset_bottom = 19.0
scale = Vector2(1.34844, 1.51679)
theme = ExtResource("11_hedmj")
text = "Yayy you won
"
script = ExtResource("11_odwmi")

[connection signal="input_event" from="CanvasLayer/PlayPauseButton" to="CanvasLayer/PlayPauseButton" method="_on_input_event"]
[connection signal="pressed" from="Control/Button" to="Control/Button" method="_on_pressed"]
